 Dungeon Crawl Stone Soup version 0.18-b1-16-g289874d (webtiles) character file.

70052 mrath the Fighter (level 15, -3/134 HPs)
             Began as a Hill Orc Monk on Apr 30, 2016.
             Was the Champion of Makhleb.
             Slain by a white draconian
             ... wielding a +0 battleaxe of freezing
              (22 damage)
             ... in an ice cave on May 1, 2016.
             The game lasted 04:50:22 (29822 turns).

mrath the Fighter (Hill Orc Monk)                  Turns: 29822, Time: 04:50:22

Health: -3/134     AC: 13    Str: 19    XL:     15   Next: 32%
Magic:  22/22      EV: 23    Int: 10    God:    Makhleb [******]
Gold:   1636       SH:  7    Dex: 18    Spells: 0 memorised, 14 levels left

rFire  x . .     SeeInvis +       - Unarmed
rCold  + + .     Gourm    .     c - ice dragon hide
rNeg   . . .     Faith    .     Q - +2 buckler
rPois  .         Spirit   .     E - +0 helmet
rElec  +         Dismiss  .     K - +0 cloak
rCorr  .         Reflect  .     S - +1 pair of gloves of Negation {rElec SInv}
SustAt .         Harm     .     G - +2 pair of boots
MR     +....                    Z - amulet of regeneration
Stlth  +++.......               J - +3 ring of strength
                                R - +6 ring of evasion

@: somewhat resistant to hostile enchantments, fairly stealthy
A: no striking features
a: Minor Destruction, Lesser Servant of Makhleb, Major Destruction, Greater
Servant of Makhleb, Renounce Religion


You were in an ice cave.
You worshipped Makhleb.
Makhleb was exalted by your worship.
You were not hungry.

You visited 4 branches of the dungeon, and saw 22 of its levels.
You also visited: Labyrinth and Ice Cave.

You collected 1636 gold pieces.

Inventory:

Hand Weapons
 f - a +2 flail of draining
 P - a +0 hunting sling of flaming
Missiles
 l - 279 sling bullets
 O - 5 throwing nets
 Y - 4 tomahawks of returning (quivered)
Armour
 c - an ice dragon hide (worn)
 j - a +1 robe of resistance
 E - a +0 helmet (worn)
 G - a +2 pair of boots (worn)
 K - a +0 cloak (worn)
 Q - a +2 buckler (worn)
 S - the +1 pair of gloves of Negation (worn) {rElec SInv}
   (You found it in a labyrinth)

   It insulates you from electricity.
   It lets you see invisible.
 U - a +1 pearl dragon armour
Magical Staves
 h - an uncursed staff of cold
Rods
 L - a +2 rod of clouds (10/10)
   (You found it in a labyrinth)
 T - a +1 lightning rod (13/13)
   (You found it on level 5 of the Dungeon)
Jewellery
 F - an uncursed ring of positive energy
 J - a +3 ring of strength (right hand)
 R - a +6 ring of evasion (left hand)
 Z - an amulet of regeneration (around neck)
Wands
 m - a wand of confusion (16/48)
 r - a wand of hasting (3/9)
 D - a wand of lightning (11/15)
 H - a wand of acid (2/15)
 I - a wand of enslavement (6/24)
 N - a wand of iceblast (8/15)
 V - a wand of disintegration (9/24)
 X - a wand of flame (12/48)
Scrolls
 d - 5 scrolls of magic mapping
 i - 7 scrolls of teleportation
 n - 3 scrolls of identify
 p - 4 scrolls of fog
 t - a scroll of vulnerability {unknown}
 v - 6 scrolls of remove curse
Potions
 a - 3 potions of haste
 e - 2 potions of berserk rage
 g - 3 potions of lignification
 k - 5 potions of curing
 C - 2 potions of cancellation
Miscellaneous
 s - a lamp of fire
 B - a box of beasts {used: 1}
Comestibles
 b - 15 chunks of flesh
 o - 6 royal jellies
 q - 16 fruits


   Skills:
 + Level 12.6 Fighting
 + Level 4.4 Throwing
 + Level 7.8 Armour
 * Level 12.4 Dodging
 + Level 9.7 Stealth
 + Level 1.8 Shields
 + Level 12.1 Unarmed Combat
 + Level 9.3 Invocations
 + Level 9.5 Evocations


You had 14 spell levels left.
You didn't know any spells.

Dungeon Overview and Level Annotations

Branches:
Dungeon (11/15)            Temple (1/1) D:6            Lair (8/8) D:11
 Shoals (0/4) Lair:3       Spider (0/4) Lair:6        Slime (0/6) Lair:8
    Orc (2/2) D:10            Elf (0/3) Orc:2

Altars:
Ashenzari
Cheibriados
Dithmenos
Elyvilon
Fedhas
Gozag
Kikubaaqudgha
Makhleb
Nemelex Xobeh
Okawaru
Pakellas
Qazlal
Ru
Sif Muna
Trog
Vehumet
Xom
Yredelemnul
Zin
The Shining One
Jiyva

Annotations:
D:10 exclusion: obsidian statue


Message History

The white draconian closely misses you.
You closely miss the white draconian.
The white draconian is severely wounded.
You closely miss the white draconian.
The white draconian is severely wounded.
The white draconian breathes frost at you.
The chilling blast misses you.
You hear an angry growl.
You punch the white draconian!
The white draconian is severely wounded.
You block the white draconian's attack.
You punch the white draconian!
The white draconian is almost dead.
You hit the white draconian but do no damage.
The white draconian is almost dead.
You block the white draconian's attack.
You punch the white draconian!
The white draconian is almost dead.
The white draconian hits you with a battleaxe of freezing!!
You die...

#≈≈≈≈≈≈#≈###.#
≈≈≈≈#≈#≈.##.##
≈#≈≈≈##.##.##
≈≈≈≈≈#..#÷##
≈#≈≈##.##..#
≈≈≈ #.###.#
##.#.## #....#
##.#@# ###d##
##h# ##h# #..#
#.## #†## ##.#
#h#


You could see a white draconian and 2 polar bears.

Vanquished Creatures
  Maud (Lair:5)
  4 hydras
  11 death yaks
  The ghost of simples the Cleaver, a novice FoCK of Xom (D:8)
  An unseen horror (D:11)
  An orc knight (Orc:1)
  An orc sorcerer (Orc:2)
  A griffon (Lair:4)
  12 elephants
  Psyche (D:8)
  The ghost of esc the Skirmisher, a novice VSAK of Lugonu (D:6)
  4 black mambas
  10 spiny frogs
  3 rime drakes
  4 komodo dragons
  A spriggan druid (Lair:8)
  A queen bee (Lair:2)
  2 trolls (D:11)
  2 jumping spiders (Lair:6)
  17 polar bears
  Prince Ribbit (D:8)
  13 blink frogs (Lair:6)
  A snapping turtle (Lair:3)
  47 yaks
  7 redbacks
  10 spriggans (Lair:8)
  A shadow (D:10)
  3 wyverns
  2 basilisks (Lair:5)
  3 hungry ghosts
  A steam dragon (D:8)
  10 hippogriffs
  A warg (Orc:1)
  Menkaure (D:6)
  10 water moccasins
  10 porcupines
  8 black bears
  5 orc warriors
  3 ice beasts
  2 sky beasts
  4 wasps
  2 phantoms
  6 ogres
  An eye of draining (D:11)
  A necrophage (D:11)
  45 wolves
  3 centaurs
  20 crocodiles
  4 big kobolds
  11 giant frogs
  Blork the orc (D:6)
  2 gnoll sergeants
  A wyvern zombie (D:10)
  A water moccasin zombie (D:9)
  A wyvern skeleton (D:10)
  2 scorpions
  22 killer bees
  8 wights
  3 electric eels
  2 howler monkeys
  2 jellies
  6 crimson imps
  2 centaur zombies
  A lava snake (Lab)
  2 hounds
  A centaur skeleton (D:5)
  6 orc priests
  Jessica (D:3)
  13 orc wizards
  6 iguanas
  11 worker ants
  13 sheep
  2 giant frog simulacra (D:8)
  2 hound skeletons
  2 worker ant zombies
  10 adders
  29 gnolls
  A howler monkey skeleton (D:6)
  75 river rats
  4 shadow imps
  A white imp (D:8)
  An ufetubus (D:8)
  2 adder zombies
  2 adder skeletons
  2 worms (D:7)
  5 dart slugs
  6 giant geckos
  36 orcs
  3 ball pythons
  13 bats
  3 bat zombies (D:3)
  3 giant cockroaches
  6 goblins
  6 hobgoblins
  9 jackals
  16 kobolds
  5 quokkas
  6 giant newts
  2 quokka zombies
  11 rats
  A rat zombie (D:3)
  A fungus (Lair:7)
  3 plants
690 creatures vanquished.

Vanquished Creatures (collateral kills)
  A minotaur (Lab)
  An ice dragon (Orc:2)
  4 hydras
  Urug (Lair:3)
  Sonja (Lair:3)
  11 elephants
  3 black mambas
  A komodo dragon (Lair:4)
  An efreet (D:8)
  A jumping spider (Lair:6)
  A polar bear (Orc:2)
  3 redbacks (Lair:6)
  4 spriggans (Lair:8)
  10 yaks
  A basilisk (Lair:4)
  3 hungry ghosts (Lab)
  A hippogriff (Lair:3)
  2 water moccasins
  A porcupine (Lair:3)
  An orc warrior (D:10)
  A black bear (Lair:8)
  12 wolves
  2 crocodiles
  A big kobold (D:8)
  3 lava snakes (Lab)
  An orc priest (D:10)
  An iguana (Lair:4)
  3 sheep (Lair:3)
  An adder (D:10)
  A hound simulacrum (D:8)
  An orc (D:10)
  6 kobolds (D:8)
  2 fungi
87 creatures vanquished.

Vanquished Creatures (others)
  A polar bear (IceCv)
  A quokka (D:6)
  8 fungi
  19 plants
29 creatures vanquished.

Grand Total: 806 creatures vanquished

Notes
Turn   | Place    | Note
--------------------------------------------------------------
     0 | D:1      | mrath the Hill Orc Monk began the quest for the Orb.
     0 | D:1      | Reached XP level 1. HP: 19/19 MP: 1/1
   740 | D:1      | Reached XP level 2. HP: 27/27 MP: 2/2
  1526 | D:1      | Reached XP level 3. HP: 8/33 MP: 3/3
  2060 | D:2      | Found a glowing golden altar of the Shining One.
  2552 | D:2      | Reached XP level 4. HP: 41/41 MP: 4/4
  2592 | D:3      | Noticed Jessica
  2784 | D:3      | Killed Jessica
  3336 | D:3      | Reached XP level 5. HP: 45/47 MP: 5/5
  3373 | D:3      | Found an ancient bone altar of Kikubaaqudgha.
  3473 | D:3      | Reached skill level 5 in Unarmed Combat
  3925 | D:4      | Found an oddly glowing altar of Pakellas.
  3925 | D:4      | Found a blossoming altar of Fedhas.
  4047 | D:4      | Found a shimmering altar of Xom.
  4049 | D:4      | Found an opulent altar of Gozag.
  4051 | D:4      | Found a glowing silver altar of Zin.
  4052 | D:4      | Found a radiant altar of Vehumet.
  4228 | D:3      | Reached XP level 6. HP: 54/55 MP: 6/6
  4351 | D:4      | Reached skill level 5 in Fighting
  5331 | D:5      | Entered Level 5 of the Dungeon
  5412 | D:5      | Reached XP level 7. HP: 54/61 MP: 7/7
  6196 | D:6      | Noticed Blork the orc
  6218 | D:6      | Killed Blork the orc
  6737 | D:6      | Noticed Menkaure
  6789 | D:6      | Reached skill level 5 in Dodging
  6802 | D:6      | Reached XP level 8. HP: 40/70 MP: 8/8
  6992 | D:6      | Found a white marble altar of Elyvilon.
  7137 | D:6      | Got a shimmering rapier
  7251 | D:6      | Reached XP level 9. HP: 82/82 MP: 8/12
  7252 | D:6      | Reached XP level 10. HP: 93/93 MP: 8/14
  7272 | D:6      | Found a staircase to the Ecumenical Temple.
  7280 | Temple   | Entered the Ecumenical Temple
  7358 | Temple   | Became a worshipper of Makhleb the Destroyer
  7358 | Temple   | Reached * piety under Makhleb
  7358 | Temple   | Reached ** piety under Makhleb
  8083 | D:6      | Noticed esc's ghost (novice VSAK)
  8085 | D:6      | Found a bloodstained altar of Trog.
  8096 | D:6      | Killed esc's ghost
  8453 | D:7      | Reached skill level 10 in Fighting
  8841 | D:7      | Noticed a moth of wrath
  8843 | D:7      | Found a bloodstained altar of Trog.
  8932 | D:6      | Killed Menkaure
  9458 | D:8      | Noticed simples's ghost (novice FoCK)
  9471 | D:8      | Noticed Psyche
  9473 | D:8      | Noticed Prince Ribbit
  9474 | D:8      | Killed simples's ghost
  9645 | D:8      | Reached *** piety under Makhleb
  9669 | D:8      | Reached skill level 1 in Invocations
  9847 | D:8      | Reached XP level 11. HP: 100/100 MP: 15/15
  9852 | D:8      | Reached skill level 1 in Armour
 10086 | D:8      | Killed Psyche
 10109 | D:8      | Reached **** piety under Makhleb
 10600 | D:8      | Killed Prince Ribbit
 11441 | D:9      | Reached skill level 10 in Unarmed Combat
 11858 | D:10     | Entered Level 10 of the Dungeon
 11920 | D:10     | Reached ***** piety under Makhleb
 12084 | D:9      | Reached skill level 10 in Dodging
 12963 | D:10     | Found a staircase to the Orcish Mines.
 12996 | D:10     | Noticed an obsidian statue
 13497 | D:11     | Found a staircase to the Lair.
 13814 | D:11     | Reached ****** piety under Makhleb
 13914 | D:11     | Reached XP level 12. HP: 108/108 MP: 17/17
 14743 | Lair:1   | Entered Level 1 of the Lair of Beasts
 14757 | Lair:1   | Noticed a five-headed hydra
 14913 | Lair:1   | Reached skill level 5 in Invocations
 15315 | Lair:1   | Noticed an eight-headed hydra
 15971 | Lair:1   | Killed a five-headed hydra
 16766 | Lair:2   | Identified the Catalogue of Combat Magic
 18663 | Lair:3   | Noticed Urug
 18677 | Lair:3   | Killed Urug
 18728 | Lair:3   | Noticed a seven-headed hydra
 18910 | Lair:3   | Noticed a seven-headed hydra
 18939 | Lair:3   | Upgraded the game from 0.18-b1-14-g029dad2 to 0.18-b1-16-g289874d
 19103 | Lair:3   | Reached XP level 13. HP: 108/116 MP: 18/18
 19624 | Lair:3   | Noticed Sonja
 19640 | Lair:3   | Killed Sonja
 19640 | Lair:3   | Reached skill level 5 in Armour
 19908 | Lair:3   | Found a staircase to the Shoals.
 21053 | Lair:4   | Got a bound zirconium amulet
 21054 | Lair:4   | Identified the amulet of Abstinence {Harm *Drain *Confuse +Fly Int+6} (You found it on level 4 of the Lair of Beasts)
 21417 | Lair:5   | Noticed Maud
 21613 | Lair:5   | Found a labyrinth entrance.
 21713 | Lair:5   | Reached skill level 1 in Throwing
 21795 | Lab      | Entered a labyrinth
 22441 | Lab      | Noticed a minotaur
 22452 | Lab      | Killed a minotaur
 22459 | Lab      | Got a pair of scorched gloves
 22470 | Lab      | Identified the +1 pair of gloves of Negation {rElec SInv} (You found it in a labyrinth)
 22569 | Lab      | Identified a +2 rod of clouds (10/10) (You found it in a labyrinth)
 23120 | Lair:5   | Killed Maud
 23548 | Lair:6   | Found a hole to the Spider Nest.
 24317 | Lair:6   | Reached XP level 14. HP: 126/126 MP: 20/20
 25776 | Lair:7   | Found a shimmering altar of Xom.
 25962 | Lair:8   | Entered Level 8 of the Lair of Beasts
 27226 | Lair:8   | Found a viscous altar of Jiyva.
 27227 | Lair:8   | Found a staircase to the Slime Pits.
 28065 | Lair:8   | Reached XP level 15. HP: 109/134 MP: 21/21
 28242 | Lair:8   | Reached skill level 1 in Shields
 28635 | Orc:1    | Entered Level 1 of the Orcish Mines
 28719 | Orc:2    | Entered Level 2 of the Orcish Mines
 28855 | Orc:2    | Found a frozen archway.
 28898 | Orc:2    | HP: 3/134 [ice dragon/blast of cold (30)]
 29230 | IceCv    | Entered an ice cave
 29822 | IceCv    | Slain by a white draconian

Skill      XL: |  1  2  3  4  5  6  7  8  9 10 11 12 13 14 15 |
---------------+----------------------------------------------+-----
Fighting       | 4 5 6 8 9 10 11 12 | 12.6
Stealth        | 2 3 4 6 7 8 9 |  9.7
Dodging        | 3 4 5 8 9 10 11 12 | 12.4
Unarmed Combat | 5 6 8 9 10 11 12 | 12.1
Evocations     | 4 6 7 8 9 |  9.5
Invocations    | 1 4 6 7 9 |  9.3
Armour         | 2 4 6 7 |  7.8
Throwing       | 2 4 |  4.4
Shields        | 1 |  1.8

Action                   |  1- 3 |  4- 6 |  7- 9 | 10-12 | 13-15 || total
-------------------------+-------+-------+-------+-------+-------++-------
Melee: Unarmed           |   161 |   247 |   155 |  1604 |  1875 ||  4042
       Punch             |     2 |     3 |     3 |    88 |   112 ||   208
       Quarterstaff      |       |       |       |       |     4 ||     4
 Fire: Hunting sling     |       |    12 |       |    15 |       ||    27
Throw: Stone             |     1 |    23 |       |    29 |       ||    53
       Tomahawk          |       |       |       |   102 |   117 ||   219
Invok: Lesser Servant of |       |       |       |     6 |    50 ||    56
       Minor Destruction |       |       |       |     3 |     4 ||     7
       Major Destruction |       |       |       |       |     3 ||     3
       Greater Servant o |       |       |       |       |     1 ||     1
Evoke: Wand              |       |       |       |     3 |     1 ||     4
       Box of beasts     |       |       |       |       |     1 ||     1
  Use: Potion            |       |       |     2 |     2 |     3 ||     7
       Scroll            |       |       |     1 |    13 |    13 ||    27
 Stab: Sleeping          |     6 |     2 |       |    16 |     8 ||    32
       Distracted        |       |       |       |     4 |     7 ||    11
  Eat: Chunk             |     5 |     9 |     3 |    34 |    33 ||    84
       Fruit             |       |       |     2 |     5 |     9 ||    16
       Beef jerky        |       |       |     1 |     1 |       ||     2
       Royal jelly       |       |       |       |     1 |       ||     1
       Bread ration      |       |       |       |       |     1 ||     1
Armor: Robe              |    32 |     7 |     8 |   147 |    62 ||   256
       Leather armour    |       |    57 |     4 |       |       ||    61
       Pearl dragon armo |       |       |       |       |   428 ||   428
       Ice dragon hide   |       |       |       |       |    55 ||    55
Dodge: Dodged            |   107 |   148 |   106 |  1658 |  2118 ||  4137
Block: Buckler           |       |       |       |       |   158 ||   158
